 Dungeon Crawl Stone Soup version 0.28-a0-305-g9e858e973b (webtiles) character file.

Game seed: 15685198504150231758

4169 bande the Cleaver (level 10, -5/60 HPs)
             Began as a Gargoyle Fighter on Aug 29, 2021.
             Was a Believer of Okawaru.
             Slain by a two-headed ogre (21 damage)
             ... on level 9 of the Dungeon.
             The game lasted 00:16:37 (8782 turns).

bande the Cleaver (Gargoyle Fighter)                Turns: 8782, Time: 00:16:38

Health: -5/60      AC: 28    Str: 21    XL:     10   Next: 28%
Magic:  10/10      EV:  5    Int: 10    God:    Okawaru [**....]
Gold:   1520       SH: 10    Dex: 10    Spells: 9/9 levels left

rFire   . . .      SeeInvis .   a - +1 war axe
rCold   . . .      Faith    .   c - +1 kite shield
rNeg    + . .      Spirit   .   F - +0 plate armour
rPois   ∞          Reflect  .   (no helmet)
rElec   +          Harm     .   q - +2 cloak
rCorr   .          Rampage  .   (no gloves)
Will    +....                   B - +0 pair of boots
Stlth   ..........              l - amulet of regeneration
HPRegen 1.20/turn               j - +4 ring of protection
MPRegen 0.12/turn               (no ring)

@: no status effects
A: sickness immunity, AC +7, negative energy resistance 1, electricity
resistance, torment resistance 1, petrification resistance, strong-willed 1
a: Renounce Religion, Heroism


You were on level 9 of the Dungeon.
You worshipped Okawaru.
Okawaru was pleased with you.
You visited 2 branches of the dungeon, and saw 10 of its levels.
You also visited: Ossuary.

You collected 1520 gold pieces.

Inventory:

Hand Weapons
 a - a +1 war axe (weapon)
 b - a +0 flail
Armour
 c - a +1 kite shield (worn)
 q - a +2 cloak (worn)
 B - a +0 pair of boots (worn)
 F - a +0 plate armour (worn)
Jewellery
 j - a +4 ring of protection (left hand)
 l - an amulet of regeneration (around neck)
Wands
 o - a wand of flame (14)
 A - a wand of acid (5)
 C - a wand of digging (2)
 E - a wand of iceblast (18)
Scrolls
 f - 2 scrolls of blinking
 g - 2 scrolls of enchant armour
 m - a scroll of amnesia
 n - 5 scrolls of identify
 r - a scroll of fear
 s - 2 scrolls of teleportation
 t - 2 scrolls of torment
 v - a scroll of magic mapping
 y - a scroll of holy word
Potions
 d - 4 potions of might
 e - 4 potions of curing
 h - 2 potions of haste
 i - 3 potions of flight
 p - 2 potions of heal wounds
 u - a potion of magic
 w - 2 potions of cancellation
 x - a potion of lignification
 z - a potion of ambrosia
 D - 2 potions of brilliance


   Skills:
 + Level 6.3 Fighting
 + Level 8.9 Axes
 + Level 6.8 Armour
 - Level 0.4 Dodging
 - Level 0.3 Stealth
 + Level 7.7 Shields
 * Level 0.5 Invocations
 * Level 4.5 Evocations


You had 9 spell levels left.
You didn't know any spells.
Your spell library contained the following spells:

 Spells                   Type           Power      Damage    Failure   Level
 Foxfire                  Conj/Fire      0%         2x1d4     100%        1
 Conjure Flame            Conj/Fire      0%         6-21      100%        3
 Gell's Gravitas          Tloc           0%         N/A       100%        3
 Inner Flame              Hex/Fire       0%         N/A       100%        3
 Lesser Beckoning         Tloc           0%         N/A       100%        3
 Teleport Other           Tloc           0%         N/A       100%        3
 Manifold Assault         Tloc           0%         N/A       100%        5
 Orb of Destruction       Conj           0%         N/A       100%        7
 Summon Guardian Golem    Hex/Summ       Unusable   N/A       N/A         3
 Malign Gateway           Summ/Tloc      Unusable   N/A       N/A         7
 Spellforged Servitor     Conj/Summ      Unusable   N/A       N/A         7
 Summon Hydra             Summ           Unusable   N/A       N/A         7
 Summon Horrible Things   Summ           Unusable   N/A       N/A         8

Dungeon Overview and Level Annotations

Branches:
Dungeon (9/15)             Temple (1/1) D:7         Ossuary (visited)
   Lair: D:8-11         Orc: D:9-12

Altars:
Ashenzari
Cheibriados
Dithmenos
Fedhas
Hepliaklqana
Kikubaaqudgha
Makhleb
Okawaru
Qazlal
Ru
Sif Muna
Uskayaw
Vehumet
Wu Jian
Zin
The Shining One

Shops:
D:4 *


Innate Abilities, Weirdness & Mutations

You are immune to sickness and miasma.
Your stone body is resilient. (AC +7)
You are immune to poison.
You resist negative energy. (rN+)
You are resistant to electric shocks. (rElec)
You are resistant to unholy torment.
You are immune to petrification.
You are strong-willed. (Will+)


Message History

The two-headed ogre is lightly wounded.
The two-headed ogre hits you with a +0 giant club!
The two-headed ogre hits you but does no damage.
You hit the two-headed ogre.
The two-headed ogre is lightly wounded.
The two-headed ogre hits you but does no damage.
You block the two-headed ogre's attack.
You slash the two-headed ogre!
The two-headed ogre is moderately wounded.
You block the two-headed ogre's attack. x2
You completely miss the two-headed ogre.
The two-headed ogre is moderately wounded.
The two-headed ogre hits you but does no damage.
You block the two-headed ogre's attack.
You hit the two-headed ogre but do no damage.
The two-headed ogre is moderately wounded.
The two-headed ogre hits you with a +0 giant club!
The two-headed ogre hits you but does no damage.
You hit the two-headed ogre.
The two-headed ogre is moderately wounded.
The two-headed ogre closely misses you.
The two-headed ogre hits you with a +0 giant spiked club!
You closely miss the two-headed ogre.
The two-headed ogre is moderately wounded.
You block the two-headed ogre's attack.
The two-headed ogre hits you with a +0 giant spiked club!
You hit the two-headed ogre but do no damage.
The two-headed ogre is moderately wounded.
The two-headed ogre hits you with a +0 giant club!
* * * LOW HITPOINT WARNING * * *
The two-headed ogre hits you but does no damage.
You slash the two-headed ogre!
The two-headed ogre is heavily wounded.
You block the two-headed ogre's attack.
The two-headed ogre hits you with a +0 giant spiked club.
* * * LOW HITPOINT WARNING * * *
You hit the two-headed ogre.
The two-headed ogre is severely wounded.
The two-headed ogre hits you with a +0 giant club!!
You die...

... ... ...
+###############'####
.....................
.....................
.....................
........##...@##.
#######'##...O# ######
####........#.>..#
#.......
.....#####..#......
#....... ...).#
#..#........ #..#####
.....# #..#.........
#..#####
.....#####..#.........
#.......
##..........#.........
#.......
............###
########.......


You could see a two-headed ogre.

Vanquished Creatures
  Maggie (D:7)
  Psyche (D:8)
  A slime creature (D:8)
  A wyvern (D:8)
  Menkaure (D:6)
  A water moccasin (D:7)
  A sky beast (D:5)
  A black bear (D:8)
  2 orc warriors (D:9)
  3 ogres (D:6)
  2 necrophages
  An ice beast (D:5)
  A centaur (D:8)
  A phantom (D:3)
  An elf zombie (Ossuary)
  A kobold brigand (D:8)
  4 bullfrogs
  5 scorpions
  5 wights (D:8)
  A howler monkey (D:6)
  2 centaur zombies (Ossuary)
  A lava snake (D:7)
  3 hounds
  A human zombie (Ossuary)
  A bullfrog zombie (D:6)
  4 orc priests
  Crazy Yiuf (D:4)
  A gnoll shaman (D:7)
  4 jellies (D:6)
  A centaur skeleton (D:5)
  A bullfrog skeleton (D:4)
  4 iguanas
  5 orc wizards
  A killer bee zombie (D:8)
  2 mummies (Ossuary)
  6 gnolls
  4 adders
  2 howler monkey skeletons
  3 ufetubi
  4 adder zombies (Ossuary)
  A worm (D:3)
  2 dart slugs
  19 orcs
  5 ball pythons
  3 bats
  10 endoplasms
  4 giant cockroaches (D:4)
  3 goblins
  7 hobgoblins
  9 jackals
  12 kobolds
  7 quokkas
  4 frilled lizards
  A goblin zombie (Ossuary)
  9 hobgoblin zombies (Ossuary)
  8 kobold zombies (Ossuary)
  9 orc zombies (Ossuary)
  5 rats
  A rat zombie (Ossuary)
205 creatures vanquished.

Vanquished Creatures (others)
  An orc (D:7)
  A kobold (D:8)
  4 toadstools (D:1)
6 creatures vanquished.

Grand Total: 211 creatures vanquished

Notes
Turn   | Place    | Note
-------+----------+-------------------------------------------
     0 | D:1      | bande the Gargoyle Fighter began the quest for the Orb.
     0 | D:1      | Reached XP level 1. HP: 14/14 MP: 1/1
   100 | D:1      | Reached XP level 2. HP: 13/19 MP: 2/2
   297 | D:1      | Reached XP level 3. HP: 19/23 MP: 3/3
   815 | D:1      | Reached skill level 2 in Axes
  1026 | D:1      | Found a faded altar of an unknown god.
  1224 | D:2      | Reached XP level 4. HP: 26/29 MP: 4/4
  1271 | D:2      | Gained mutation: You are frail. (-10% HP) [potion of
                  | mutation]
  1271 | D:2      | Gained mutation: You are strong-willed. (Will+) [potion of
                  | mutation]
  1271 | D:2      | Lost mutation: You are frail. (-10% HP) [potion of
                  | mutation]
  1787 | D:2      | Got the Papyrus of the Lobster
  2747 | D:3      | Noticed a phantom
  2767 | D:3      | Killed a phantom
  2768 | D:3      | Reached XP level 5. HP: 10/33 MP: 5/5
  3154 | D:4      | Found a hide-covered altar of Uskayaw.
  3210 | D:4      | Reached skill level 3 in Axes
  3281 | D:4      | Found a runed translucent door.
  3282 | D:4      | Noticed Crazy Yiuf
  3436 | D:4      | Found Xeotuh's Overcharged Wands.
  3841 | D:4      | Reached XP level 6. HP: 30/38 MP: 6/6
  4191 | D:4      | Reached skill level 5 in Shields
  4191 | D:4      | Noticed a necrophage
  4200 | D:4      | Killed a necrophage
  4201 | D:4      | Reached skill level 4 in Axes
  4201 | D:4      | Reached XP level 7. HP: 41/44 MP: 7/7
  4397 | D:4      | Found a stormy altar of Qazlal.
  4399 | D:4      | Found an ancient bone altar of Kikubaaqudgha.
  4434 | D:4      | Identified the +3 leather armour of Subjectivity {rElec rF-
                  | Will++}
  4502 | D:4      | Found a glowing silver altar of Zin.
  4930 | D:4      | Killed Crazy Yiuf
  5074 | D:5      | Entered Level 5 of the Dungeon
  5325 | D:5      | Reached skill level 5 in Axes
  5325 | D:5      | Reached skill level 5 in Armour
  5529 | D:5      | Reached XP level 8. HP: 48/48 MP: 8/8
  5839 | D:5      | Reached skill level 1 in Evocations
  5958 | D:6      | Reached skill level 5 in Fighting
  5958 | D:6      | Reached skill level 6 in Axes
  6158 | D:6      | Found a snail-covered altar of Cheibriados.
  6215 | D:6      | Noticed Menkaure
  6228 | D:6      | Killed Menkaure
  6402 | D:6      | Reached XP level 9. HP: 54/54 MP: 9/9
  6738 | D:7      | Identified a scroll of acquirement
  6738 | D:7      | Acquired 1064 gold pieces
  6745 | D:7      | Reached skill level 7 in Axes
  6788 | D:7      | Found a staircase to the Ecumenical Temple.
  6799 | Temple   | Entered the Ecumenical Temple
  6890 | Temple   | Became a worshipper of Warmaster Okawaru
  7100 | D:7      | Noticed Maggie
  7120 | D:7      | Killed Maggie
  7164 | D:7      | Found a hazy altar of Hepliaklqana.
  7332 | D:7      | Found a shadowy altar of Dithmenos.
  7608 | D:8      | Found a sand-covered staircase.
  7613 | Ossuary  | Entered an ossuary
  7733 | Ossuary  | Reached * piety under Okawaru
  7946 | D:8      | Found an ornate altar of the Wu Jian Council.
  7961 | D:8      | Reached skill level 8 in Axes
  8093 | D:8      | Reached XP level 10. HP: 28/60 MP: 10/10
  8389 | D:8      | Reached ** piety under Okawaru
  8449 | D:8      | Noticed Psyche
  8462 | D:8      | Killed Psyche
  8482 | D:8      | Found a shimmering blue altar of Sif Muna.
  8767 | D:9      | Noticed a two-headed ogre
  8782 | D:9      | Slain by a two-headed ogre

Illustrated notes

Levels and vault maps discovered:
D:1:      ldierk_walled_garden_2, layout_loops_cross,
          shapermc_ecumenical_altar_mp_vishouse
D:2:      layout_loops_cross, chequers_serial_rivers_micro_c
D:3:      layout_basic
D:4:      minmay_chambers_of_threes, layout_basic, lemuel_round_altar,
          zin_statuary, mainiacjoe_overflow_divided_tiny,
          nicolae_shop_overcharged_wands, uniq_crazy_yiuf_cottage
D:5:      layout_basic
D:6:      layout_loops_ring, cheibriados_altar_1, kennysheep_small_square,
          uniq_menkaure
D:7:      layout_basic, amcnicky_altar_gilded, mainiacjoe_overflow_tiny_flanked,
          minmay_temple_entry_sparse_star, minivault_11, nicolae_lava_and_water,
          uniq_maggie
D:8:      layout_cave_pools, lemuel_crystal_altar, overflow_temple_1_default,
          enter_ossuary_5, kennysheep_opposing_triangles, uniq_psyche
D:9:      layout_stronghold, mainiacjoe_overflow_brackets, uniq_gastronok
Temple:   nicolae_temple_figure_zero

Skill      XL: |  1  2  3  4  5  6  7  8  9 |
---------------+----------------------------+-----
Shields        | 4 5 6 7 |  7.7
Axes           | 2 3 4 5 6 8 |  8.9
Armour         | 4 5 6 |  6.8
Fighting       | 4 5 6 |  6.3
Evocations     | 2 4 |  4.5
Dodging        | |  0.4
Stealth        | |  0.3
Invocations    | |  0.5

Action                   |  1- 3 |  4- 6 |  7- 9 | 10-12 || total
-------------------------+-------+-------+-------+-------++-------
Melee: War axe           |   100 |   180 |   414 |    86 ||   780
  Use: Scroll            |     1 |     9 |    12 |       ||    22
       Potion            |       |     5 |       |       ||     5
Armor: Scale mail        |    63 |    44 |       |       ||   107
       Chain mail        |       |    98 |   300 |    53 ||   451
       Plate armour      |       |       |       |     5 ||     5
Dodge: Dodged            |    43 |    43 |   103 |    26 ||   215
Block: Kite shield       |    54 |   102 |   267 |    56 ||   479

Table legend: (Time is in decaauts)
 A = Elapsed time spent in this place.
 B = Non-inter-level travel time spent in this place.
 C = Inter-level travel time spent in this place.
 D = Time resting spent in this place.
 E = Time spent auto-exploring this place.
 F = Levels seen in this place.
 G = Mean time per level.
                   A        B        C        D        E       F      G
               +--------+--------+--------+--------+--------+-----+--------+
         Total |   9110 |   8940 |    170 |   1591 |   5261 |  11 |  828.2 |
       Dungeon |   8758 |   8597 |    161 |   1591 |   5081 |   9 |  973.1 |
        Temple |    101 |     92 |      9 |      0 |     87 |   1 |  101.0 |
       Ossuary |    250 |    250 |      0 |      0 |     93 |   1 |  250.0 |
               +--------+--------+--------+--------+--------+-----+--------+

Top non-repeatable levels by time:
     D:4: 2023 daAuts
     D:3: 1202 daAuts
     D:1: 1177 daAuts
     D:5: 883 daAuts
     D:2: 852 daAuts
     D:8: 840 daAuts
     D:6: 816 daAuts
     D:7: 791 daAuts
 Ossuary: 250 daAuts
     D:9: 171 daAuts
  Temple: 101 daAuts
